Map: Lerilak Crest

Players

Lokhan - Winner!

  • Race: Zerg Zerg
  • League: Silver

LilDicky

  • Race: Protoss Protoss
  • League: Diamond

VOD

http://www.twitch.tv/tumescentpie

Description

Time

  • Played on: Dec. 5, 2015, 4:14 p.m.
  • Length: 5:11
Show
View Real Time Build Order
Export as new Build Order

Lokhan Zerg - Winner!

Build Orders: Pool First 

Get SALT Encoding   

  12  0:01  Drone  
  13  0:12  Overlord  
  13  0:19  Drone  
  14  0:31  Drone x2  
  16  0:41  Drone  
  17  1:08  Spawning Pool  
  17  1:10  Drone  
  17  1:13  Drone  
  17  1:16  Drone  
  19  1:18  Hatchery  
  19  1:24  Drone  
  19  1:27  Extractor  
  18  1:39  Drone  
  19  1:57  Zergling x4  
  19  2:00  Hatchery  
  20  2:07  Zergling x2  
  21  2:29  Metabolic Boost, Queen  
  21  2:31  Overlord x2  
  23  2:40  Queen  
  23  2:43  Drone  
  26  2:49  Zergling x4  
  28  2:53  Zergling x2  
  29  3:10  Roach Warren  
  28  3:14  Queen  
  29  3:36  Zergling x12  
  34  3:48  Drone x3  
  34  3:50  Drone  
  37  3:56  Drone  
  37  3:57  Extractor  
  37  3:58  Drone  
  38  4:04  Drone  
  38  4:05  Drone  
  38  4:09  Drone  
  41  4:21  Drone x2  
  41  4:22  Drone x2  
  45  4:37  Extractor  
  44  4:41  Spore Crawler, Spine Crawler  
  44  4:44  Zergling x2  
  44  4:45  Zergling x8  
Show
View Real Time Build Order
Export as new Build Order

LilDicky Protoss 

Build Orders:  

Get SALT Encoding   

  12  0:02  Probe (Chrono Boost)  
  13  0:12  Probe (Chrono Boost)  
  14  0:17  Pylon  
  14  0:24  Probe (Chrono Boost)  
  15  0:30  Assimilator  
  15  0:40  Probe (Chrono Boost)  
  16  0:51  Probe (Chrono Boost)  
  17  1:03  Gateway  
  17  1:14  Probe (Chrono Boost)  
  18  1:26  Nexus  
  18  1:30  Probe (Chrono Boost)  
  19  1:41  Probe (Chrono Boost)  
  19  1:43  Pylon  
  20  1:58  Cybernetics Core  
  20  2:02  Probe (Chrono Boost)  
  21  2:08  Assimilator  
  21  2:13  Probe (Chrono Boost)  
  22  2:24  Probe (Chrono Boost)  
  23  2:34  Warp Gate (Chrono Boost)  
  23  2:41  Pylon  
  23  2:42  Robotics Facility  
  23  2:45  Zealot (Chrono Boost)  
  25  2:54  Mothership Core (Chrono Boost)  
  27  3:12  Zealot (Chrono Boost)  
  29  3:29  Warp Prism  
  31  3:47  Gateway  
  31  3:50  Gateway  
  31  3:52  Gateway  
  31  4:19  Pylon  
  31  4:47  Zealot  
  33  4:53  Zealot  
  33  4:55  Adept  
  33  4:56  Adept  
  27  5:09  Zealot  
Tags
 
Add a new tag
Caveats
  • Supply blocks, unpowered buildings, or Contaminate may cause inaccurate times.
  • Supply counts are checked every 10 seconds.